 Dungeon Crawl Stone Soup version 0.27.1-16-g815e20cd7a (webtiles) character file.

Game seed: 11336735810751920683

61 ghf the Shield-Bearer (level 4, -1/29 HPs)
             Began as a Gargoyle Fighter on Nov 21, 2021.
             Slain by a kobold (3 damage)
             ... on level 2 of the Dungeon.
             The game lasted 00:03:18 (1330 turns).

ghf the Shield-Bearer (Gargoyle Fighter)            Turns: 1330, Time: 00:03:18

Health: -1/29      AC:  3    Str: 21    XL:     4   Next: 7%
Magic:  4/4        EV:  9    Int:  8    God:
Gold:   68         SH:  9    Dex:  9    Spells: 3/3 levels left

rFire    . . .     SeeInvis .   a - +0 flail
rCold    . . .     Faith    .   c - +0 kite shield
rNeg     + . .     Spirit   .   (no armour)
rPois    ∞         Reflect  .   (no helmet)
rElec    +         Harm     .   (no cloak)
rCorr    .         Rampage  .   (no gloves)
Will     +....                  (no boots)
Stlth    +.........             (no amulet)
HPRegen  0.09/turn              k - ring of willpower
MPRegen  0.09/turn              (no ring)

@: mighty
A: sickness immunity, AC +3, negative energy resistance 1, electricity
resistance, torment resistance 1, petrification resistance
a: no special abilities


You were on level 2 of the Dungeon.
You visited 1 branch of the dungeon, and saw 2 of its levels.

You collected 68 gold pieces.

Inventory:

Hand Weapons
 a - a +0 flail (weapon)
Armour
 c - a +0 kite shield (worn)
 l - a +0 ring mail
Jewellery
 i - an amulet of magic regeneration
 k - a ring of willpower (left hand)
Scrolls
 e - a scroll of identify {unknown}
 f - 2 scrolls of vulnerability {unknown}
 g - a scroll of teleportation {unknown}
 j - a scroll of silence {unknown}
Potions
 b - a potion of lignification {unknown}
 h - 2 potions of curing {unknown}


   Skills:
 + Level 3.8 Fighting
 * Level 3.0 Maces & Flails
 + Level 3.7 Armour
 + Level 3.8 Shields


You had 3 spell levels left.
You didn't know any spells.
Your spell library was empty.

Dungeon Overview and Level Annotations

Branches:
Dungeon (2/15)

Altars:

Shops:
D:2 (


Innate Abilities, Weirdness & Mutations

You are immune to sickness and miasma.
Your stone body is resilient. (AC +3)
You are immune to poison.
You resist negative energy. (rN+)
You are resistant to electric shocks. (rElec)
You are resistant to unholy torment.
You are immune to petrification.


Message History

You hit the ball python.
You kill the ball python!
No target in view!
No target in view!
Found Cigileuf's Weapon Shop.
Found a faded altar of an unknown god.
There is an entrance to Cigileuf's Weapon Shop here.
Terence the Incautious comes into view.
He is wielding a +0 flail.
Found a mace.
Terence shouts!
You hear a shout!
A kobold comes into view. It is wielding a +0 club.
The kobold shouts!
You block Terence's attack.
You hit Terence.
Terence is lightly wounded.
Terence hits you with a +0 flail.
You thump Terence!
Terence is severely wounded.
Terence drinks a potion.
Terence goes berserk!
The kobold hits you but does no damage. You block Terence's attack.
You hit Terence but do no damage.
Terence is severely wounded.
You block Terence's attack. You block the kobold's attack.
Terence hits you with a +0 flail!!
Ouch! That really hurt!
* * * LOW HITPOINT WARNING * * *
The kobold hits you with a +0 club.
* * * LOW HITPOINT WARNING * * *
You are too injured to fight recklessly!
You feel very mighty all of a sudden. Terence barely misses you.
You block the kobold's attack.
You sock Terence!
You kill Terence!
The kobold closely misses you.
Your Maces & Flails skill increases to level 3!
You have reached level 4!
You feel stronger.
You barely miss the kobold. The kobold barely misses you. x2
You closely miss the kobold. The kobold hits you with a +0 club.
You die...

####.........# #..# #.#...#.#
###...#...#.. ....# #.#...#.#
##...#...#.######.## #.#...#.#
...#######..# #.# #.......#
.#########♣.####._########...#..
......................# #....##
#########♣∩♣###.#####. # #..#
#.##.##... # #.♣# #.@).....# #
#.# #.K.....## # #.# #.......# #
##.# #).#.##.# # #..# #..#.# # #
##.## #..... # #..# #... .. #
##.## #### ### # #..#


You could see a kobold.

Vanquished Creatures
  Terence (D:2)
  A dart slug (D:1)
  2 ball pythons
  3 endoplasms (D:1)
  3 giant cockroaches
  A goblin (D:1)
  2 hobgoblins (D:1)
  8 jackals (D:1)
  4 kobolds
  A quokka (D:1)
  A bat (D:2)
  2 frilled lizards
  A rat (D:2)
30 creatures vanquished.

Notes
Turn   | Place    | Note
-------+----------+-------------------------------------------
     0 | D:1      | ghf the Gargoyle Fighter began the quest for the Orb.
     0 | D:1      | Reached XP level 1. HP: 14/14 MP: 1/1
   120 | D:1      | Reached XP level 2. HP: 19/19 MP: 2/2
   533 | D:1      | Reached XP level 3. HP: 22/23 MP: 3/3
  1306 | D:2      | Found Cigileuf's Weapon Shop.
  1315 | D:2      | Found a faded altar of an unknown god.
  1320 | D:2      | Noticed Terence
  1326 | D:2      | HP: 1/24 [kobold (3)]
  1328 | D:2      | Killed Terence
  1329 | D:2      | Reached XP level 4. HP: 2/29 MP: 4/4
  1330 | D:2      | Slain by a kobold

Illustrated notes

Levels and vault maps discovered:
D:1:      sevenhm_arrival_forest_fort_small_5, layout_loops_ring
D:2:      layout_loops_cross, serial_shops, nicolae_shop_trees,
          basic_ecumenical_altar, basic_altar, uniq_terence

Skill      XL: |  1  2  3 |
---------------+----------+-----
Maces & Flails | 3 |  3.0
Fighting       | |  3.8
Armour         | |  3.7
Shields        | |  3.8

Action                   |  1- 3 |  4- 6 || total
-------------------------+-------+-------++-------
Melee: Flail             |    99 |     2 ||   101
  Use: Potion            |     1 |       ||     1
Armor: Scale mail        |    52 |       ||    52
       Skin              |     5 |       ||     5
Dodge: Dodged            |    37 |     2 ||    39
Block: Kite shield       |    70 |       ||    70
